 Dungeon Crawl Stone Soup version 0.21.1-1-g345015fe64 (webtiles) character file.

2095 JOKERXD40 the Cleaver (level 9, -4/120 HPs)
             Began as a Minotaur Berserker on July 9, 2018.
             Was an Elder of Trog.
             Killed from afar by an electric eel (10 damage)
             ... with a bolt of electricity
             ... on level 6 of the Dungeon on July 10, 2018.
             The game lasted 00:10:29 (4413 turns).

JOKERXD40 the Cleaver (Minotaur Berserker)          Turns: 4413, Time: 00:10:29

Health: -4/120     AC: 10    Str: 29    XL:     9   Next: 7%
Magic:  8/8        EV: 18    Int:  4    God:    Trog [****..]
Gold:   236        SH:  0    Dex: 11    Spells: 8/8 levels left

rFire    . . .     SeeInvis .   f - +0 war axe
rCold    . . .     Gourm    .   (no shield)
rNeg     . . .     Faith    .   z - +0 chain mail
rPois    .         Spirit   .   (helmet restricted)
rElec    .         Reflect  .   (no cloak)
rCorr    .         Harm     .   (no gloves)
MR       .....                  (no boots)
Stlth    ..........             (no amulet)
HPRegen  0.30/turn              o - +4 ring of evasion
MPRegen  0.11/turn              w - +4 ring of evasion

@: berserking (expiring), very quick
A: retaliatory headbutt, horns 2
a: Berserk, Trog's Hand, Brothers in Arms, Burn Spellbooks, Renounce Religion


You were on level 6 of the Dungeon.
You worshipped Trog.
Trog was greatly pleased with you.
You were not hungry.

You visited 1 branch of the dungeon, and saw 6 of its levels.
You also visited: Sewer.

You collected 236 gold pieces.

Inventory:

Hand Weapons
 f - a +0 war axe (weapon)
Missiles
 a - 3 tomahawks (quivered)
 F - 2 javelins of returning
Armour
 z - a +0 chain mail (worn)
Jewellery
 o - a +4 ring of evasion (left hand)
 w - a +4 ring of evasion (right hand)
Wands
 v - a wand of iceblast (10)
 x - a wand of flame (16)
Scrolls
 b - a scroll of random uselessness {unknown}
 d - 3 scrolls of teleportation {unknown}
 j - 3 scrolls of identify {unknown}
 k - 4 scrolls of remove curse {unknown}
 n - 2 scrolls of immolation {unknown}
 s - 3 scrolls of blinking {unknown}
 u - 2 scrolls of fear {unknown}
 y - a scroll of amnesia {unknown}
 A - a scroll of noise {unknown}
 B - a scroll of enchant weapon {unknown}
 D - a scroll of fog {unknown}
 E - a scroll of enchant armour {unknown}
Potions
 e - 5 potions of curing
 g - 4 potions of brilliance {unknown}
 h - a potion of berserk rage {unknown}
 i - 3 potions of flight {unknown}
 l - a potion of cancellation {unknown}
 m - a potion of mutation {unknown}
 p - a potion of lignification {unknown}
 q - 2 potions of might {unknown}
 r - 2 potions of magic {unknown}
 t - 4 potions of heal wounds
 C - a potion of degeneration {unknown}
Comestibles
 c - 8 rations


   Skills:
 + Level 7.7 Fighting
 + Level 10.3 Axes
 + Level 6.8 Armour
 + Level 4.4 Dodging
 + Level 1.0 Stealth


You had 8 spell levels left.
You didn't know any spells.

Dungeon Overview and Level Annotations

Branches:
Dungeon (6/15)
 Temple: D:4-7

Altars:
Gozag
Makhleb
Nemelex Xobeh
Ru
Uskayaw
Xom
Zin


Innate Abilities, Weirdness & Mutations

You reflexively headbutt those who attack you in melee.
You have a pair of horns on your head.


Message History

The electric eel shoots out a bolt of lightning at you!
The bolt of electricity hits you!
* * * LOW HITPOINT WARNING * * *
You closely miss the electric eel. Your headbutt misses the electric eel.
The electric eel is heavily wounded.
The electric eel shoots out a bolt of lightning at you!
The bolt of electricity hits you!
* * * LOW HITPOINT WARNING * * *
The bolt of electricity hits the plant.
The electric eel shoots out a bolt of lightning at you!
The bolt of electricity misses you.
You are too berserk!
You miss the electric eel.
The electric eel is heavily wounded.
You slice the electric eel!!
You kill the electric eel!
Trog accepts your kill.
The electric eel shoots out a bolt of lightning at you!
The bolt of electricity hits you!
You die...

##########
##≈≈≈≈†...##
##≈########.##
#.##≈[≈P..##≈#
#.#≈≈......#≈#
#.#≈!@≈....#≈#
#.#;≈[.P..'#.#
##≈##≈.≈P..#..#
##≈##########≈##
#≈##≈..≈..##≈≈#
#.#≈≈≈≈≈...#≈##
#.#≈≈.÷....#.#
#.#≈≈..≈..'#.#
##'##≈..≈..#..#


You could see an electric eel.

Vanquished Creatures
  A two-headed ogre (D:4)
  A wraith (D:6)
  An ice beast (D:5)
  An orc warrior (D:6)
  The ghost of Emandoog the Shield-Bearer, an amateur MiFi (D:3)
  A centaur (D:5)
  Blork the orc (D:4)
  2 scorpions
  2 howler monkeys
  5 electric eels (D:6)
  2 hounds (D:4)
  2 orc priests
  A jelly (D:5)
  Ijyb (D:3)
  A bullfrog skeleton (D:4)
  An iguana (D:5)
  3 worker ants
  9 adders
  2 gnolls
  A shadow imp (D:5)
  2 adder skeletons (D:4)
  2 worms
  2 dart slugs
  6 leopard geckos
  8 orcs
  4 ball pythons
  5 bats
  10 giant cockroaches
  6 goblins
  6 hobgoblins
  12 jackals
  3 quokkas
  15 frilled lizards
  14 kobolds
  10 rats
  3 plants (D:6)
147 creatures vanquished.

Vanquished Creatures (others)
  A plant (D:6)
1 creature vanquished.

Grand Total: 148 creatures vanquished

Notes
Turn   | Place    | Note
-------+----------+-------------------------------------------
     0 | D:1      | JOKERXD40 the Minotaur Berserker began the quest for the Orb.
     0 | D:1      | Reached XP level 1. HP: 19/19 MP: 0/0
   111 | D:1      | Reached XP level 2. HP: 27/27 MP: 1/1
   119 | D:1      | Reached skill level 4 in Axes
   720 | D:1      | Reached XP level 3. HP: 33/33 MP: 2/2
   865 | D:2      | Reached ** piety under Trog
   875 | D:2      | Reached XP level 4. HP: 27/40 MP: 3/3
   910 | D:2      | Reached skill level 5 in Axes
  1027 | D:2      | Found a sacrificial altar of Ru.
  1491 | D:3      | Found a hide-covered altar of Uskayaw.
  1493 | D:3      | Noticed a dagger
  1494 | D:3      | Noticed a hand axe
  1587 | D:3      | Found a glowing drain.
  1592 | Sewer    | Entered a sewer
  1707 | Sewer    | Reached *** piety under Trog
  1967 | D:3      | Reached XP level 5. HP: 44/47 MP: 4/4
  2059 | D:3      | Noticed Emandoog's ghost (amateur MiFi)
  2069 | D:3      | Killed Emandoog's ghost
  2069 | D:3      | Reached skill level 5 in Fighting
  2069 | D:3      | Reached XP level 6. HP: 56/56 MP: 5/5
  2296 | D:3      | Noticed Ijyb
  2313 | D:3      | Killed Ijyb
  2448 | D:4      | Found a sparkling altar of Nemelex Xobeh.
  2452 | D:4      | Reached skill level 6 in Axes
  2505 | D:4      | Found a burning altar of Makhleb.
  2533 | D:4      | Found a shimmering altar of Xom.
  2536 | D:4      | Found a shimmering altar of Xom.
  2542 | D:4      | Found a shimmering altar of Xom.
  2542 | D:4      | Found a shimmering altar of Xom.
  2542 | D:4      | Found a shimmering altar of Xom.
  2557 | D:4      | Found a shimmering altar of Xom.
  2557 | D:4      | Found a shimmering altar of Xom.
  2654 | D:4      | Noticed Blork the orc
  2662 | D:4      | Killed Blork the orc
  2662 | D:4      | Reached XP level 7. HP: 55/61 MP: 6/6
  2720 | D:4      | Reached **** piety under Trog
  2894 | D:4      | Noticed a two-headed ogre
  2901 | D:4      | Killed a two-headed ogre
  2901 | D:4      | Reached skill level 8 in Axes
  2901 | D:4      | Reached skill level 5 in Armour
  2901 | D:4      | Reached skill level 1 in Stealth
  2901 | D:4      | Reached XP level 8. HP: 71/71 MP: 7/7
  3124 | D:4      | Reached skill level 9 in Axes
  3139 | D:5      | Entered Level 5 of the Dungeon
  3524 | D:5      | Found a glowing silver altar of Zin.
  3525 | D:5      | Found an opulent altar of Gozag.
  3899 | D:6      | Received a gift from Trog
  4144 | D:6      | Reached skill level 10 in Axes
  4160 | D:6      | Reached XP level 9. HP: 11/79 MP: 8/8
  4411 | D:6      | HP: 6/120 [electric eel/bolt of electricity (12)]
  4413 | D:6      | Killed from afar by an electric eel

Skill      XL: |  1  2  3  4  5  6  7  8 |
---------------+-------------------------+-----
Axes           | 4 5 6 8 10 | 10.3
Fighting       | 4 5 6 7 |  7.7
Dodging        | 3 4 |  4.4
Armour         | 3 4 5 6 |  6.8
Stealth        | 1 |  1.0

Action                   |  1- 3 |  4- 6 |  7- 9 || total
-------------------------+-------+-------+-------++-------
Melee: Hand axe          |    61 |    91 |       ||   152
       Headbutt          |     7 |    22 |    17 ||    46
       War axe           |       |    70 |    95 ||   165
Invok: Burn Spellbooks   |       |     1 |       ||     1
       Berserk           |       |     1 |     3 ||     4
  Use: Scroll            |       |     1 |       ||     1
  Eat: Chunk             |       |     6 |     3 ||     9
       Ration            |       |       |     2 ||     2
Armor: Animal skin       |     3 |       |       ||     3
       Ring mail         |    23 |     4 |       ||    27
       Scale mail        |       |    37 |       ||    37
       Chain mail        |       |    10 |    10 ||    20
Dodge: Dodged            |    48 |   143 |    65 ||   256
